 Dungeon Crawl Stone Soup version 0.29.0-4-gdea44cf6ec (webtiles) character file.

Game seed: 2317091983462683720

572 qw the Chopper (level 7, -2/41 HPs)
             Began as a Tengu Warper on Aug 28, 2022.
             Was a Follower of Okawaru.
             Slain by an orc warrior
             ... wielding a +0 scimitar
              (20 damage)
             ... on level 6 of the Dungeon.
             The game lasted 00:00:25 (3708 turns).

qw the Chopper (Tengu Warper)                       Turns: 3708, Time: 00:00:26

Health: -2/41      AC:  8    Str: 14    XL:     7   Next: 34%
Magic:  9/11       EV:  7    Int: 13    God:    Okawaru [*.....]
Gold:   221        SH:  0    Dex: 13    Spells: 10/10 levels left

rFire   + . .      SeeInvis .   Y - +3 hand axe (chaos)
rCold   . . .      Faith    .   (no shield)
rNeg    . . .      Spirit   .   j - +0 chain mail
rPois   .          Reflect  .   (helmet restricted)
rElec   .          Harm     .   (no cloak)
rCorr   .          Rampage  .   (no gloves)
Will    .....                   (boots unavailable)
Stlth   ..........              n - amulet of regeneration
HPRegen 0.93/turn               o - ring of protection from fire
MPRegen 0.12/turn               (no ring)

@: flying quickly and evasively, quick
A: beak, talons 3, nimble flight
a: Renounce Religion, Heroism


You were on level 6 of the Dungeon.
You worshipped Okawaru.
Okawaru was aware of your devotion.
You visited 1 branch of the dungeon, and saw 6 of its levels.

You collected 221 gold pieces.


Innate Abilities, Weirdness & Mutations

You have a beak for a mouth.
You have claws for feet.
Your magical nature lets you fly swiftly and evasively.


   Skills:
 - Level 3.1 Fighting
 + Level 7.8 Axes
 - Level 1.0 Throwing
 - Level 2.1 Armour
 - Level 2.1 Dodging
 - Level 2.0 Spellcasting
 - Level 2.4 Translocations
 + Level 0.4 Invocations


You had 10 spell levels left.
You didn't know any spells.
Your spell library contained the following spells:

 Spells                   Type           Power      Damage    Failure   Level
 Blink                    Tloc           14%        N/A       98%         2
 Gell's Gravitas          Tloc           7%         N/A       100%        3
 Lesser Beckoning         Tloc           7%         N/A       100%        3
 Teleport Other           Tloc           7%         N/A       100%        3
 Manifold Assault         Tloc           7%         N/A       100%        5

Inventory:

Hand Weapons
 a - a +0 morningstar
 Y - a +3 hand axe of chaos (weapon)
Missiles
 m - 3 boomerangs (quivered)
Armour
 j - a +0 chain mail (worn)
Jewellery
 k - a ring of ice
 n - an amulet of regeneration (around neck)
 o - a ring of protection from fire (left hand)
 q - a ring of ice
Scrolls
 c - a scroll of teleportation
 p - a scroll of identify
Potions
 e - a potion of might
 f - a potion of flight {unknown}
 g - a potion of degeneration {unknown}
 h - 8 potions of curing
 l - a potion of invisibility {unknown}
 r - a potion of heal wounds {unknown}

Dungeon Overview and Level Annotations

Branches:
Dungeon (6/15)
 Temple: D:4-7

Altars:
Cheibriados
Elyvilon
Kikubaaqudgha
Nemelex Xobeh
Okawaru
Qazlal

Shops:
D:1 *


Message History

You feel like a meek peon again.
You barely miss the orc. Your kick misses the orc.
The orc is almost dead.
The orc hits you with a +0 hand axe.
3696 ||| INVOKING Heroism.
You gain the combat prowess of a mighty hero.
The orc warrior shouts!
The orc barely misses you.
You hit the orc. You burn the orc.
You kill the orc!
Okawaru accepts your kill.
3698 ||| Stepping ~*~*~tactically~*~*~ (hiding).
Items here: %% ))) [.
3699 ||| Stepping ~*~*~tactically~*~*~ (hiding).
You start resting.
An orc warrior is nearby!
The orc warrior hits you with a +0 scimitar!
Items here: %% ))) [.
You slash the orc warrior!
You feel better.
Your kick misses the orc warrior. Your peck misses the orc warrior.
The orc warrior is moderately wounded.
You barely miss the orc warrior.
The orc warrior is moderately wounded.
The orc warrior hits you but does no damage.
You hit the orc warrior but do no damage.
You claw the orc warrior, but do no damage.
You peck the orc warrior.
The orc warrior is moderately wounded.
The orc warrior hits you but does no damage.
You closely miss the orc warrior. You claw the orc warrior.
The orc warrior is heavily wounded.
You hit the orc warrior.
The orc warrior goes berserk!
The orc warrior is severely wounded.
The orc warrior hits you with a +0 scimitar!!
You hit the orc warrior.
You peck the orc warrior, but do no damage.
The orc warrior is severely wounded.
You feel like a meek peon again.
The orc warrior hits you with a +0 scimitar!!
You die...

#.# . #.# #. ..
##<###.... #.###
###......# ....##
##<...#####
#.[####..##.#
##.)##..###.#
#..o...####..
#####.#@##........
#...)).....#####.##
o.....###?.### .#
.##### ##.# .# #.#
.# .# .#


You could see an orc warrior (berserk).

Vanquished Creatures
  An ice beast (D:6)
  A centaur (D:5)
  2 orc priests
  2 hounds (D:5)
  Terence (D:3)
  2 iguanas (D:5)
  2 orc wizards
  5 adders
  A white imp (D:5)
  A worm (D:3)
  4 dart slugs
  15 orcs
  5 bats
  5 endoplasms
  A giant cockroach (D:3)
  5 goblins
  9 hobgoblins
  5 quokkas
  6 ball pythons
  3 frilled lizards
  6 kobolds
  5 rats
87 creatures vanquished.

Notes
Turn   | Place    | Note
-------+----------+-------------------------------------------
     0 | D:1      | qw the Tengu Warper began the quest for the Orb.
     0 | D:1      | Reached XP level 1. HP: 12/12 MP: 4/4
     0 | D:1      | 0 ||| qw: Version: 0.1-a-89-g26bdef1
     0 | D:1      | 0 ||| qw: Game counter: 3075
     0 | D:1      | 0 ||| qw: Always use a shield: true
     0 | D:1      | 0 ||| qw: God list: Okawaru
     0 | D:1      | 0 ||| qw: Allow faded altars: false
     0 | D:1      | 0 ||| qw: Do Orc after D:15 true
     0 | D:1      | 0 ||| qw: Do second Lair branch before Depths: true
     0 | D:1      | 0 ||| qw: Lair rune preference: random
     0 | D:1      | 0 ||| qw: Plans: Normal
     0 | D:1      | 0 ||| PLANNING D:1-11
    21 | D:1      | 21 ||| Stepping ~*~*~tactically~*~*~ (stealth).
    27 | D:1      | 27 ||| Stepping ~*~*~tactically~*~*~ (hiding).
    31 | D:1      | Reached XP level 2. HP: 17/17 MP: 6/6
    32 | D:1      | 32 ||| Stepping ~*~*~tactically~*~*~ (stealth).
    36 | D:1      | Reached skill level 3 in Axes
   424 | D:1      | 424 ||| Stepping ~*~*~tactically~*~*~ (hiding).
   526 | D:1      | 526 ||| Stepping ~*~*~tactically~*~*~ (hiding).
   734 | D:1      | Reached XP level 3. HP: 21/21 MP: 7/7
   756 | D:1      | 756 ||| Stepping ~*~*~tactically~*~*~ (stealth).
   766 | D:1      | 766 ||| DROPPING +0 club.
   843 | D:1      | 843 ||| Stepping ~*~*~tactically~*~*~ (stealth).
   844 | D:1      | 844 ||| Stepping ~*~*~tactically~*~*~ (stealth).
   846 | D:1      | 846 ||| Stepping ~*~*~tactically~*~*~ (stealth).
   863 | D:1      | Found Esicvyis's General Store.
   870 | D:1      | 870 ||| SHOPLISTING potion of heal wounds (50 gold, have
                  | 17).
   870 | D:1      | 870 ||| SHOPLISTING ring of Wu Jian, Protecting {rC+ rN+
                  | Str+2 Dex+3 SInv} (487 gold, have 17).
   954 | D:1      | Reached skill level 4 in Axes
  1200 | D:1      | 1200 ||| UPGRADING to amulet of regeneration.
  1205 | D:1      | 1205 ||| READING scroll labelled VEEGHI QOEHOE.
  1206 | D:1      | 1206 ||| READING scroll labelled HOCREMUETU.
  1211 | D:1      | 1211 ||| READING scroll labelled LUFANA QIA.
  1212 | D:1      | 1212 ||| READING scroll labelled NIDIUF NOAME.
  1213 | D:1      | 1213 ||| DRINKING 3 viscous puce potions.
  1214 | D:1      | 1214 ||| DROPPING scroll of blinking.
  1245 | D:2      | 1245 ||| Stepping ~*~*~tactically~*~*~ (stealth).
  1246 | D:2      | 1246 ||| Stepping ~*~*~tactically~*~*~ (stealth).
  1557 | D:2      | 1557 ||| Stepping ~*~*~tactically~*~*~ (hiding).
  1666 | D:2      | 1666 ||| Stepping ~*~*~tactically~*~*~ (stealth).
  1671 | D:2      | 1671 ||| Stepping ~*~*~tactically~*~*~ (stealth).
  1672 | D:2      | 1672 ||| Stepping ~*~*~tactically~*~*~ (stealth).
  1674 | D:2      | 1674 ||| Stepping ~*~*~tactically~*~*~ (stealth).
  1684 | D:2      | 1684 ||| Stepping ~*~*~tactically~*~*~ (stealth).
  1690 | D:2      | 1690 ||| Stepping ~*~*~tactically~*~*~ (stealth).
  1691 | D:2      | 1691 ||| Stepping ~*~*~tactically~*~*~ (stealth).
  1694 | D:2      | Reached XP level 4. HP: 26/26 MP: 8/8
  1868 | D:2      | 1868 ||| DROPPING orb of energy.
  1869 | D:2      | 1869 ||| UPGRADING to ring of protection from fire.
  1870 | D:2      | 1870 ||| READING scroll labelled MAETEU RUTHRULAUBO.
  1871 | D:2      | 1871 ||| READING scroll labelled UPRYEJ JITU.
  1872 | D:2      | 1872 ||| READING scroll labelled YXEHEJAUTHEER.
  1873 | D:2      | 1873 ||| READING scroll labelled ZAPPECABROSTU.
  1874 | D:2      | 1874 ||| READING scroll labelled IRRIRE ASODGH.
  2012 | D:3      | Found a stormy altar of Qazlal.
  2072 | D:3      | Reached skill level 5 in Axes
  2142 | D:3      | Noticed Terence
  2144 | D:3      | 2144 ||| Stepping ~*~*~tactically~*~*~ (stealth).
  2145 | D:3      | 2145 ||| Stepping ~*~*~tactically~*~*~ (stealth).
  2154 | D:3      | Killed Terence
  2157 | D:3      | 2157 ||| DROPPING +0 whip.
  2178 | D:3      | Gained mutation: Your magical nature lets you fly swiftly
                  | and evasively. [Tengu growth]
  2178 | D:3      | Reached XP level 5. HP: 30/30 MP: 9/9
  2202 | D:3      | 2202 ||| Stepping ~*~*~tactically~*~*~ (stealth).
  2210 | D:3      | 2210 ||| Stepping ~*~*~tactically~*~*~ (hiding).
  2213 | D:3      | 2213 ||| Stepping ~*~*~tactically~*~*~ (hiding).
  2249 | D:3      | Found an iron altar of Okawaru.
  2265 | D:3      | Became a worshipper of Warmaster Okawaru
  2310 | D:3      | Reached skill level 6 in Axes
  2587 | D:3      | 2587 ||| UPGRADING to +0 chain mail.
  2597 | D:3      | 2597 ||| DROPPING +0 leather armour.
  2598 | D:3      | 2598 ||| READING 3 scrolls labelled UXZEICVIOKHOSH.
  2599 | D:3      | 2599 ||| READING 2 scrolls of enchant weapon.
  2599 | D:3      | 2599 ||| ENCHANTING +1 hand axe of chaos.
  2600 | D:3      | 2600 ||| READING scroll of enchant weapon.
  2600 | D:3      | 2600 ||| ENCHANTING +2 hand axe of chaos.
  2601 | D:3      | 2601 ||| READING scroll labelled OCOSHR PUKEUH.
  2719 | D:4      | Found an ancient bone altar of Kikubaaqudgha.
  2733 | D:4      | 2733 ||| Stepping ~*~*~tactically~*~*~ (stealth).
  2737 | D:4      | 2737 ||| Stepping ~*~*~tactically~*~*~ (hiding).
  2757 | D:4      | 2757 ||| DROPPING +2 mace of protection.
  2900 | D:4      | Found a sparkling altar of Nemelex Xobeh.
  2993 | D:4      | Found a snail-covered altar of Cheibriados.
  3167 | D:5      | Entered Level 5 of the Dungeon
  3192 | D:5      | Reached XP level 6. HP: 31/35 MP: 10/10
  3233 | D:5      | Found a white marble altar of Elyvilon.
  3285 | D:5      | 3285 ||| Stepping ~*~*~tactically~*~*~ (hiding).
  3286 | D:5      | 3286 ||| Stepping ~*~*~tactically~*~*~ (hiding).
  3303 | D:5      | Reached skill level 7 in Axes
  3632 | D:5      | 3632 ||| DROPPING +6 ring of intelligence.
  3633 | D:5      | 3633 ||| READING scroll labelled DAXYIB ZOGHUCUCS.
  3634 | D:5      | 3634 ||| DRINKING 2 amethyst potions.
  3635 | D:5      | 3635 ||| READING 2 scrolls of identify.
  3635 | D:5      | 3635 ||| IDENTIFYING glowing cyan potion
  3636 | D:5      | 3636 ||| DROPPING potion of lignification.
  3676 | D:6      | Noticed an ice beast
  3679 | D:6      | Reached * piety under Okawaru
  3680 | D:6      | Reached skill level 3 in Fighting
  3680 | D:6      | Reached XP level 7. HP: 35/41 MP: 11/11
  3680 | D:6      | 3680 ||| Stepping ~*~*~tactically~*~*~ (hiding).
  3681 | D:6      | 3681 ||| INVOKING Heroism.
  3682 | D:6      | 3682 ||| Stepping ~*~*~tactically~*~*~ (hiding).
  3683 | D:6      | 3683 ||| Stepping ~*~*~tactically~*~*~ (hiding).
  3696 | D:6      | 3696 ||| INVOKING Heroism.
  3698 | D:6      | 3698 ||| Stepping ~*~*~tactically~*~*~ (hiding).
  3699 | D:6      | 3699 ||| Stepping ~*~*~tactically~*~*~ (hiding).
  3708 | D:6      | Slain by an orc warrior

Levels and vault maps discovered:
D:1:      tarquinn_simple_flora_water_d, layout_loops_ring, serial_shops,
          nicolae_shop_stone
D:2:      layout_rooms, amcnicky_mini_rare_corridor_liquid
D:3:      layout_loops_ring, grunt_qazlal_clouds, okawaru_metal_pillars_1_2,
          uniq_terence
D:4:      layout_cave_pools, nemelex_diamond_rough_becter,
          nicolae_kikubaaqudgha_miasma_corner, lemuel_tele_altar
D:5:      layout_cave_pools, nicolae_elyvilon_peaceful_grove,
          minmay_misc_feat_room
D:6:      layout_rooms

Skill      XL: |  1  2  3  4  5  6 |
---------------+-------------------+-----
Axes           | 3 4 5 6 7 |  7.8
Armour         | 2 |  2.1
Fighting       | 3 |  3.1
Throwing       | |  1.0
Dodging        | |  2.1
Spellcasting   | |  2.0
Translocations | |  2.4
Invocations    | |  0.4

Action                   |  1- 3 |  4- 6 |  7- 9 || total
-------------------------+-------+-------+-------++-------
Melee: Hand axe          |    80 |   121 |    18 ||   219
       Kick              |    20 |    22 |     6 ||    48
       Peck              |     8 |    17 |     3 ||    28
       Punch             |     1 |       |       ||     1
Throw: Boomerang         |     7 |    17 |       ||    24
       Javelin           |     6 |       |       ||     6
Invok: Heroism           |       |       |     2 ||     2
  Use: Scroll            |     4 |    11 |       ||    15
       Potion            |     1 |     1 |       ||     2
Armor: Leather armour    |    24 |     8 |       ||    32
       Chain mail        |       |    25 |     6 ||    31
Dodge: Dodged            |    43 |    51 |     3 ||    97

Table legend:
 A = Non-vault XP
 B = Vault XP
 C = Vault XP percentage of total XP
 D = Non-vault monster count
 E = Vault monster count
 F = Vault count percentage of total count
                 A         B        C        D         E       F
            +---------+---------+-------+---------+---------+-------
      Total |     782 |      36 |   4.4 |      86 |       1 |   1.1
            +---------+---------+-------+---------+---------+-------
        D:1 |      50 |       0 |   0.0 |      28 |       0 |   0.0
        D:2 |      52 |       0 |   0.0 |      15 |       0 |   0.0
        D:3 |     104 |      36 |  25.7 |      21 |       1 |   4.5
        D:4 |      53 |       0 |   0.0 |       5 |       0 |   0.0
        D:5 |     294 |       0 |   0.0 |       8 |       0 |   0.0
        D:6 |     229 |       0 |   0.0 |       9 |       0 |   0.0
            +---------+---------+-------+---------+---------+-------
